 Dungeon Crawl Stone Soup version 0.21-a0-380-gd65dc97 (webtiles) character file.

270 Kavrick the Insei (level 6, -2/48 HPs)
             Began as a Human Monk on Oct 17, 2017.
             Was a Believer of Elyvilon.
             Slain by Grinder (4 damage)
             ... while paralysed by Grinder
             ... on level 3 of the Dungeon.
             The game lasted 00:08:45 (3411 turns).

Kavrick the Insei (Human Monk)                      Turns: 3411, Time: 00:08:45

Health: -2/48      AC:  7    Str: 13    XL:     6   Next: 47%
Magic:  5/7        EV:  2    Int: 10    God:    Elyvilon [**....]
Gold:   88         SH:  0    Dex: 16    Spells: 5/5 levels left

rFire    . . .     SeeInvis .     - Unarmed
rCold    . . .     Gourm    .   (no shield)
rNeg     . . .     Faith    .   e - +0 ring mail
rPois    .         Spirit   .   m - +0 helmet
rElec    .         Reflect  .   (no cloak)
rCorr    .         Harm     .   (no gloves)
MR       .....                  f - +0 pair of boots
Stlth    +.........             (no amulet)
HPRegen  0.16/turn              (no ring)
MPRegen  0.10/turn              (no ring)

@: paralysed
A: no striking features
a: Lesser Healing, Heal Other, Divine Protection, Renounce Religion


You were on level 3 of the Dungeon.
You worshipped Elyvilon.
Elyvilon was pleased with you.
You were very hungry.

You visited 1 branch of the dungeon, and saw 3 of its levels.

You collected 88 gold pieces.

Inventory:

Hand Weapons
 j - a +1 flail of protection
Armour
 a - a +0 robe
 e - a +0 ring mail (worn)
 f - a +0 pair of boots (worn)
 m - a +0 helmet (worn)
 n - a +0 shield
Jewellery
 c - a +2 ring of evasion {unknown}
Scrolls
 d - 4 scrolls of identify {unknown}
 k - a scroll of recharging {unknown}
 l - a scroll of enchant armour {unknown}
 o - a scroll of enchant weapon {unknown}
 p - a scroll of random uselessness {unknown}
 r - a scroll of magic mapping {unknown}
Potions
 g - 3 potions of invisibility {unknown}
 h - a potion of flight {unknown}
 i - 2 potions of curing
 q - a potion of resistance
Comestibles
 b - 3 bread rations
 s - a meat ration


   Skills:
 + Level 4.1 Fighting
 + Level 4.1 Dodging
 - Level 2.0 Stealth
 * Level 5.0 Unarmed Combat
 + Level 1.8 Invocations


You had 5 spell levels left.
You didn't know any spells.

Dungeon Overview and Level Annotations

Branches:
Dungeon (3/15)

Altars:
Elyvilon
Vehumet

Annotations:
D:3 Grinder


Message History

You punch Grinder!
Grinder is almost dead.
Grinder hits you.
* * * LOW HITPOINT WARNING * * *
You writhe in agony.
* * * LOW HITPOINT WARNING * * *
You are feeling very hungry.
You barely miss Grinder.
Grinder is almost dead.
Grinder gestures at you.
You suddenly lose the ability to move!
Grinder hits you but does no damage.
Grinder says, "Don't move a muscle."
Grinder hits you but does no damage. Grinder gestures at you.
You barely resist. Grinder hits you.
* * * LOW HITPOINT WARNING * * *
You writhe in agony.
You die...

.#.g....######.##.......
....................... ....
...................... ...#.
...........................
....#............................
....##.......#..................#
....#.......##...............#.##
....#.......##..5......#.......##
....#...........@...............#
...###...........#............#..
....#...............##........###
......#..........##............##
.....##..........##..............
......#..........#.....#...###...
......#.....)).......#.#...# ###.
...##.......<.)....###.....# #...
..####..............##...#.###...


You could see Grinder.

Vanquished Creatures
  A howler monkey (D:2)
  Natasha (thrice) (D:2)
  Terence (D:2)
  4 gnolls
  4 adders
  2 worms (D:2)
  2 leopard geckos
  A giant cockroach (D:1)
  8 goblins
  3 hobgoblins
  2 jackals (D:3)
  10 kobolds
  A quokka (D:2)
  4 bats
  6 frilled lizards
  3 rats
55 creatures vanquished.

Vanquished Creatures (others)
  2 frilled lizards (D:2)
2 creatures vanquished.

Grand Total: 57 creatures vanquished

Notes
Turn   | Place    | Note
-------+----------+-------------------------------------------
     0 | D:1      | Kavrick the Human Monk began the quest for the Orb.
     0 | D:1      | Reached XP level 1. HP: 18/18 MP: 1/1
   194 | D:1      | Reached XP level 2. HP: 22/24 MP: 2/2
   623 | D:1      | Reached XP level 3. HP: 27/29 MP: 3/3
   870 | D:1      | You fall through a shaft!
   870 | D:2      | Noticed Natasha
   881 | D:2      | Killed Natasha
   881 | D:2      | Reached XP level 4. HP: 10/35 MP: 4/4
   915 | D:2      | Reached skill level 4 in Unarmed Combat
  1225 | D:2      | Found a white marble altar of Elyvilon.
  1250 | D:2      | Became a worshipper of Elyvilon the Healer
  1250 | D:2      | Reached * piety under Elyvilon
  1250 | D:2      | Reached ** piety under Elyvilon
  1308 | D:2      | Reached XP level 5. HP: 35/41 MP: 5/5
  1400 | D:2      | Found a radiant altar of Vehumet.
  1422 | D:2      | Noticed Natasha
  1438 | D:2      | Killed Natasha
  1650 | D:2      | Noticed Natasha
  1661 | D:2      | Killed Natasha
  1661 | D:2      | Reached skill level 1 in Invocations
  2157 | D:2      | Noticed Terence
  2194 | D:2      | Killed Terence
  2194 | D:2      | Reached XP level 6. HP: 27/48 MP: 6/6
  3000 | D:2      | Reached skill level 5 in Unarmed Combat
  3174 | D:3      | Noticed Grinder
  3382 | D:3      | Paralysed by Grinder for 4 turns
  3406 | D:3      | HP: 2/48 [Grinder (6)]
  3407 | D:3      | Paralysed by Grinder for 5 turns
  3411 | D:3      | HP: 2/48 [Grinder (1)]
  3411 | D:3      | Slain by Grinder

Vault maps used:
D:1:      kennysheep_arrival_seaside, minmay_misc_feat_roman
D:2:      vehumet_crystals, nicolae_overflow_crystal_walls, uniq_terence,
          uniq_natasha
D:3:      tgw_sif, uniq_grinder

Skill      XL: |  1  2  3  4  5  6 |
---------------+-------------------+-----
Unarmed Combat | 4 5 |  5.0
Invocations    | 1 |  1.8
Fighting       | 4 |  4.1
Dodging        | 4 |  4.1
Stealth        | |  2.0

Action                   |  1- 3 |  4- 6 || total
-------------------------+-------+-------++-------
Melee: Unarmed           |    73 |   210 ||   283
       Punch             |     1 |     5 ||     6
Invok: Heal Other        |       |     1 ||     1
       Lesser Healing    |       |     4 ||     4
 Stab: Sleeping          |     2 |     1 ||     3
       Distracted        |       |     1 ||     1
  Eat: Chunk             |       |     8 ||     8
Armor: Robe              |     3 |       ||     3
       Ring mail         |    12 |    55 ||    67
Dodge: Dodged            |    29 |   103 ||   132

Table legend:
 A = Spawn XP
 B = Non-spawn XP
 C = Spawn XP percentage of total XP
 D = Spawn monster count
 E = Non-spawn monster count
 F = Spawn count percentage of total count
 G = Total turns spent on level
                    A         B        C        D         E        F      G
               +---------+---------+-------+---------+---------+-------+---------
         Total |       0 |     386 |   0.0 |       0 |      55 |   0.0 |  3411
               +---------+---------+-------+---------+---------+-------+---------
           D:1 |       0 |      36 |   0.0 |       0 |      22 |   0.0 |   970
           D:2 |       0 |     254 |   0.0 |       0 |      21 |   0.0 |  1807
           D:3 |       0 |      96 |   0.0 |       0 |      12 |   0.0 |   634
               +---------+---------+-------+---------+---------+-------+---------
